 Dungeon Crawl Stone Soup version 0.31.0-10-gcf4a605ca0 (webtiles) character file.

Game seed: 12786639793619189768

117 Aldia the Grave Robber (level 4, 0/33 HPs)
             Began as a Mummy Necromancer on Jan 25, 2024.
             Slain by a gnoll
             ... wielding a +0 spear
              (7 damage)
             ... on level 2 of the Dungeon.
             The game lasted 00:02:43 (1571 turns).

Aldia the Grave Robber (Mummy Necromancer)          Turns: 1571, Time: 00:02:43

Health: 0/33       AC:  4    Str: 11    XL:     4   Next: 71%
Magic:  1/9        EV: 12    Int: 16    God:
Gold:   87         SH:  0    Dex: 12    Spells: 6/10 levels left

rFire   x . .        h - +0 spear
rCold   + . .        (no shield)
rNeg    + + +        f - +2 robe
rPois   ∞            (no helmet)
rElec   .            (no cloak)
rCorr   .            (no gloves)
SInv    .            (no boots)
Will    .....        (no amulet)
Stlth   ++           (no ring)
HPRegen 0.25/turn    (no ring)
MPRegen 0.11/turn

%: faith
@: no status effects
A: cold resistance 1, negative energy resistance 3, torment resistance 2, heat
vulnerability 1, in touch with death 1, no potions, faith
a: no special abilities


You were on level 2 of the Dungeon.
You visited 1 branch of the dungeon, and saw 2 of its levels.

You collected 87 gold pieces.

Inventory:

Hand Weapons
 c - a +0 dagger
 h - a +0 spear (weapon)
Armour
 a - a +0 robe
 f - a +2 robe (worn)
Scrolls
 b - 2 scrolls of identify
 d - a scroll of fear
 e - a scroll of revelation
 g - a scroll of immolation {unknown}


   Skills:
 + Level 1.7 Fighting
 + Level 2.2 Dodging
 - Level 1.5 Stealth
 + Level 3.6 Spellcasting
 * Level 4.9 Necromancy


You had 6 spell levels left.
You knew the following spells:

 Your Spells              Type           Power      Damage    Failure   Level
a - Necrotise             Necr           100%       1d9       2%          1
b - Vampiric Draining     Necr           28%        2d8       7%          3

Your spell library contained the following spells:

 Spells                   Type           Power      Damage    Failure   Level
 Animate Dead             Necr           28%        N/A       22%         4
 Curse of Agony           Necr           28%        N/A       54%         5


Dungeon Overview and Level Annotations

Branches:
Dungeon (2/15)

Altars:


Innate Abilities, Weirdness & Mutations

You are immune to poison.
Your flesh is cold resistant. (rC+)
You are immune to negative energy. (rN+++)
You are immune to unholy pain and torment.
You are vulnerable to heat. (rF-)
You are in touch with the powers of death.
You do not drink.
You have a special connection with the divine. (Faith)


Message History

You reach to attack!
You closely miss the gnoll.
The gnoll is lightly wounded.
Your rat skeleton closely misses the gnoll.
The gnoll misses you.
You could not reach far enough!
The gnoll barely misses you.
Your rat skeleton bites the gnoll.
You reach to attack!
You hit the gnoll.
The gnoll is moderately wounded.
The gnoll barely misses you.
You reach to attack!
You hit the gnoll.
The gnoll is severely wounded.
Your rat skeleton bites the gnoll but does no damage.
The gnoll hits you from afar with a +0 halberd!
You are too injured to fight recklessly!
You are too injured to fight recklessly!
Your rat skeleton bites the gnoll.
The gnoll hits your rat skeleton with a +0 halberd.
Found a beast talisman.
Found a stone staircase leading down.
Your rat skeleton crumbles into dust!
You are too injured to fight recklessly!
Casting: Necrotise (safe; 2% risk of failure)
Confirm with . or Enter, or press ? or * to list all spells.
Aiming: Necrotise (safe; 2% risk of failure)
Press: ? - help, Shift-Dir - straight line, f/p - gnoll
Aim: a gnoll, wielding a +0 halberd (severely wounded, chance to affect: 88%)
You feel a surge of power!
The gnoll barely resists.
Unknown command.
Unknown command.
You aren't carrying any items that you can evoke.
You hit the gnoll.
You kill the gnoll!
The gnoll hits you from afar with a +0 spear.
The gnoll hits you with a +0 spear.
* * * LOW HITPOINT WARNING * * *
You can't drink.
You can't drink.
You hit the gnoll.
The gnoll is moderately wounded.
The gnoll hits you with a +0 spear!
You die...

#. #.# #. ##.# # #. #
#..> .# #####. #$ #..#
.# #..... #..##..## g.#
#.##.. ........ ...#
#.#... ##†..#####....#
#.##.# ##.....@g.)....#
#.##..
#.....).###########.#.#.
#....................###
#.?.....###########.#.#.
##.....## #.##.# ##...##
#.##.# .....% #.##.#
###...#. #.##.# #.###.#
#.##.#


You could see a gnoll.

Vanquished Creatures
  Jessica (D:2)
  2 adders (D:2)
  3 gnolls (D:2)
  A dart slug (D:1)
  5 bats
  7 endoplasms (D:1)
  2 giant cockroaches
  A goblin (D:1)
  4 hobgoblins
  3 kobolds (D:1)
  A quokka (D:1)
  3 ball pythons
  A frilled lizard (D:1)
  4 rats
38 creatures vanquished.

Vanquished Creatures (collateral kills)
  A giant cockroach (D:1)
  A bat (D:2)
  2 frilled lizards
4 creatures vanquished.

Grand Total: 42 creatures vanquished

Notes
Turn   | Place    | Note
-------+----------+-------------------------------------------
     0 | D:1      | Aldia the Mummy Necromancer began the quest for the Orb.
     0 | D:1      | Reached XP level 1. HP: 13/13 MP: 4/4
   282 | D:1      | Reached XP level 2. HP: 20/20 MP: 3/5
   715 | D:1      | Reached skill level 1 in Fighting
   856 | D:1      | Reached XP level 3. HP: 26/26 MP: 3/7
   860 | D:1      | Learned a level 3 spell: Vampiric Draining
  1273 | D:2      | Noticed Jessica
  1280 | D:2      | Killed Jessica
  1365 | D:2      | Reached XP level 4. HP: 32/32 MP: 5/9
  1571 | D:2      | Slain by a gnoll

Illustrated notes

Levels and vault maps discovered:
D:1:      dpeg_arrival_chambers_temple_mockup, layout_loops_ring,
          minmay_door_square
D:2:      layout_loops_ring, uniq_jessica

Skill      XL: |  1  2  3 |
---------------+----------+-----
Spellcasting   | 3 |  3.6
Fighting       | 1 |  1.7
Dodging        | 2 |  2.2
Stealth        | |  1.5
Necromancy     | |  4.9

Action                     |  1- 3 |  4- 6 || total
---------------------------+-------+-------++-------
  Melee: Dagger            |     5 |       ||     5
         Punch             |     1 |       ||     1
         Spear             |       |     9 ||     9
   Cast: Necrotise         |    57 |    15 ||    72
    Use: Scroll            |     2 |       ||     2
   Stab: Distracted        |       |     1 ||     1
 Armour: Robe              |     8 |     9 ||    17
  Dodge: Dodged            |    13 |    11 ||    24
